[Event "ICC tourney 3063 (30 10)"]
[Site "Internet Chess Club"]
[Date "2022.11.19"]
[Round "3"]
[White "MARKOVIC, GORAN:Goran21"]
[Black "GU, CRYSTAL JIUZHOU:fantasymoon"]
[Result "1-0"]
[ICCResult "Black checkmated"]
[WhiteElo "1955"]
[BlackElo "1956"]
[Opening "Sicilian: Nimzovich-Rossolimo attack (without ...d6)"]
[ECO "B30"]
[NIC "SI.31"]
[Time "16:00:28"]
[PlyCount "109"]
[TimeControl "1800+10"]

1. e4 c5 2. Nf3 Nc6 3. Bb5 d6 4. c3 Bd7 5. O-O Nf6 6. Re1 g6 7. d4 cxd4 8.
cxd4 a6 9. Bc4 Rc8 10. e5 dxe5 11. dxe5 Ng4 12. h3 Ngxe5 13. Rxe5 Nxe5 14.
Nxe5 e6 15. Qf3 f6 16. Nxd7 Qxd7 17. Na3 Bxa3 18. Qxf6 Rf8 19. Qh4 Qd1+ 20.
Bf1 Bc5 21. Qe4 Bxf2+ 22. Kh2 Bg1+ 23. Kh1 Rc6 24. Be2 Qe1 25. Be3 Qxa1 26.
Bxg1 Qc1 27. Bf3 Qc4 28. Qe5 Rc7 29. Bb6 Rd7 30. Qb8+ Ke7 31. Qe5 Qc1+ 32.
Bg1 Qf4 33. Bc5+ Kd8 34. Qxe6 Qf6 35. Qb3 b5 36. Qa3 Re8 37. Bf2 Qd6 38.
Qa5+ Kc8 39. Bg4 Re4 40. Bf3 Ra4 41. Qc3+ Rc4 42. Qh8+ Kc7 43. Be3 Qe6 44.
Bf2 Rc1+ 45. Kh2 Rcd1 46. Bg3+ R1d6 47. Qa8 Qc4 48. b3 Qc5 49. Qxa6 Kd8 50.
Qa8+ Ke7 51. Bh4+ Kf7 52. Qh8 h6 53. Qh7+ Ke6 54. Qxg6+ Ke5 55. Qe4#
{Black checkmated}
1-0

[Event "ICC tourney 3063 (30 10)"]
[Site "Internet Chess Club"]
[Date "2022.11.19"]
[Round "3"]
[White "NASUTA, GRZEGORZ:grzechu96"]
[Black "PANESAR, VEDANT SUSHPAL:fighter098"]
[Result "1-0"]
[ICCResult "Black forfeits on time"]
[WhiteElo "2589"]
[BlackElo "2437"]
[Opening "Four knights: Scotch, 4...exd4"]
[ECO "C47"]
[NIC "KP.06"]
[Time "16:00:36"]
[PlyCount "55"]
[TimeControl "1800+10"]

1. e4 e5 2. Nf3 Nc6 3. Nc3 Nf6 4. d4 exd4 5. Nxd4 Bb4 6. Nxc6 bxc6 7. Bd3 d5
8. exd5 O-O 9. O-O Bg4 10. Ne2 Qxd5 11. h3 Bf5 12. Nf4 Qd7 13. Bxf5 Qxf5 14.
Qd3 Qxd3 15. Nxd3 Bd6 16. Re1 Rfe8 17. Bd2 Ne4 18. Ba5 f6 19. Re3 Kf7 20.
Rae1 Ng5 21. Kf1 Ne6 22. Re4 Rab8 23. b3 h5 24. Bd2 g6 25. Ra4 Ra8 26. Be3
a6 27. Rc4 Nd8 28. Rd1 {Black forfeits on time} 1-0

[Event "ICC tourney 3063 (30 10)"]
[Site "Internet Chess Club"]
[Date "2022.11.19"]
[Round "3"]
[White "CHINNI, RISHABH:alphachesplayer"]
[Black "IVANOV, ALEXANDER:marble"]
[Result "0-1"]
[ICCResult "White resigns"]
[WhiteElo "1986"]
[BlackElo "2362"]
[Opening "Robatsch defense"]
[ECO "B06"]
[NIC "KF.05"]
[Time "16:01:11"]
[PlyCount "70"]
[TimeControl "1800+10"]

1. e4 g6 2. d4 Bg7 3. Nc3 c6 4. Be3 Qb6 5. Na4 Qa5+ 6. c3 d6 7. b4 Qc7 8.
Qd2 Nf6 9. f3 O-O 10. Bd3 b5 11. Nb2 a5 12. Ne2 axb4 13. cxb4 Ra3 14. O-O
Nbd7 15. Nc3 Nb6 16. Bxb5 Be6 17. Bd3 Rfa8 18. d5 Nfxd5 19. Nxd5 cxd5 20.
Rac1 Qb7 21. Bb5 Bd7 22. Bxd7 Nxd7 23. exd5 Bxb2 24. Qxb2 Rxe3 25. Qd4 Re2
26. Rfe1 Rxe1+ 27. Rxe1 Nf6 28. Rd1 Rxa2 29. Qc4 Rb2 30. Rd4 Qa7 31. h3 Nxd5
32. Kh2 Rxg2+ 33. Kh1 Qa1+ 34. Kxg2 Ne3+ 35. Kf2 Nxc4 {White resigns} 0-1

[Event "ICC tourney 3063 (30 10)"]
[Site "Internet Chess Club"]
[Date "2022.11.19"]
[Round "3"]
[White "Belous, Vladimir:Openyagami"]
[Black "NATHAN, NITISH SG:K06-15494283"]
[Result "1/2-1/2"]
[ICCResult "Black stalemated"]
[WhiteElo "2575"]
[BlackElo "1947"]
[Opening "QGD Slav: 4.e3 Bf5"]
[ECO "D12"]
[NIC "EO.64"]
[Time "16:00:32"]
[PlyCount "145"]
[TimeControl "1800+10"]

1. c4 c6 2. Nf3 Nf6 3. e3 d5 4. d4 Bf5 5. cxd5 Nxd5 6. Nbd2 Nf6 7. Bc4 e6 8.
O-O Be7 9. Qe2 O-O 10. e4 Bg6 11. h3 Nbd7 12. Rd1 Qc7 13. Nh4 e5 14. Nxg6
hxg6 15. Nf3 Bd6 16. Bg5 exd4 17. Bxf6 gxf6 18. Nxd4 Ne5 19. Bb3 Bc5 20.
Rac1 Bxd4 21. Rxd4 Rfd8 22. Qe3 Rxd4 23. Qxd4 a5 24. Rd1 a4 25. Bc2 g5 26.
h4 g4 27. Qe3 Kh7 28. Qc5 b5 29. Rd6 Kg7 30. b3 axb3 31. Bxb3 Rd8 32. Rxd8
Qxd8 33. Qe3 Qd3 34. Qf4 c5 35. Bd5 g3 36. Qxg3+ Qxg3 37. fxg3 Nd3 38. Kf1
c4 39. a3 b4 40. axb4 c3 41. Bb3 Nxb4 42. Ke2 Kg6 43. g4 Nc6 44. Ke3 Ne5 45.
Bd1 c2 46. Bxc2 Nxg4+ 47. Kf4 Ne5 48. g4 Kg7 49. h5 Nc4 50. Bb3 Nd6 51. Bd5
Ne8 52. Bc6 Nd6 53. Bd7 Nc4 54. Bf5 Nd6 55. Ke3 Nc4+ 56. Kd4 Ne5 57. Kc5 Nf3
58. Kd6 Nd4 59. Kd7 Nf3 60. Ke7 Ng5 61. Kd7 Nf3 62. Kd6 Nd4 63. Ke7 Nc6+ 64.
Ke8 Ne5 65. Bc8 Nf3 66. Ke7 Ng5 67. Bf5 Kh6 68. Kf8 Nf3 69. Kxf7 Ng5+ 70.
Ke7 Kg7 71. h6+ Kxh6 72. Kxf6 Nxe4+ 73. Bxe4 {Black stalemated} 1/2-1/2

[Event "ICC tourney 3063 (30 10)"]
[Site "Internet Chess Club"]
[Date "2022.11.19"]
[Round "3"]
[White "LIANG, YU-CHENG:Yucheng"]
[Black "Guo, Anni:movingkid"]
[Result "1-0"]
[ICCResult "Black forfeits on time"]
[WhiteElo "2063"]
[BlackElo "1900"]
[Opening "Nimzo-Indian: 4.e3, main line with 7...Nc6"]
[ECO "E56"]
[NIC "NI.17"]
[Time "16:00:07"]
[PlyCount "69"]
[TimeControl "1800+10"]

1. d4 Nf6 2. c4 e6 3. Nc3 Bb4 4. e3 d5 5. Nf3 c5 6. Bd3 Nc6 7. O-O O-O 8.
cxd5 Nxd5 9. Nxd5 Qxd5 10. e4 Qd8 11. a3 Ba5 12. dxc5 e5 13. b4 Bc7 14. Bb2
Bg4 15. Be2 Qf6 16. Nd2 Bxe2 17. Qxe2 Rfd8 18. Nf3 Qe7 19. Rfd1 Rxd1+ 20.
Rxd1 Rd8 21. Rd5 f6 22. Qd3 a6 23. a4 Kf8 24. b5 axb5 25. axb5 Nb4 26. Rxd8+
Qxd8 27. Qxd8+ Bxd8 28. Nd2 Nd3 29. Ba3 Be7 30. Nb3 Ke8 31. b6 Kd7 32. c6+
Kxc6 33. Bxe7 Kxb6 34. Kf1 Kc6 35. g3 {Black forfeits on time} 1-0

[Event "ICC tourney 3063 (30 10)"]
[Site "Internet Chess Club"]
[Date "2022.11.19"]
[Round "3"]
[White "REDDY, SATVIK:chesslead"]
[Black "Volkov, Sergey:Volkov"]
[Result "1/2-1/2"]
[ICCResult "Game drawn by mutual agreement"]
[WhiteElo "2320"]
[BlackElo "2525"]
[Opening "French: Steinitz, Boleslavsky variation"]
[ECO "C11"]
[NIC "FR.04"]
[Time "16:01:14"]
[PlyCount "85"]
[TimeControl "1800+10"]

1. e4 e6 2. d4 d5 3. Nc3 Nf6 4. e5 Nfd7 5. f4 c5 6. Nf3 Nc6 7. Be3 a6 8. Qd2
b5 9. dxc5 Bxc5 10. Bxc5 Nxc5 11. Qf2 Qb6 12. Bd3 b4 13. Ne2 a5 14. O-O Ba6
15. Kh1 a4 16. f5 exf5 17. Bxf5 Ne7 18. Bd3 O-O 19. Nf4 h6 20. Rad1 Bxd3 21.
Nxd3 Rac8 22. Qd4 b3 23. axb3 axb3 24. cxb3 Nf5 25. Qf4 Qg6 26. Nxc5 Rxc5
27. Rde1 Rc2 28. g4 Ne7 29. e6 Rxb2 30. Nh4 Qf6 31. Qxf6 gxf6 32. Rxf6 fxe6
33. Rfxe6 Rff2 34. Kg1 Rxh2 35. Rxh6 Rhe2 36. Rxe2 Rxe2 37. Kf1 Re4 38. Nf5
Nxf5 39. gxf5 Rb4 40. Rh3 Rf4+ 41. Ke2 Rxf5 42. Kd3 Kf7 43. Re3
{Game drawn by mutual agreement}
1/2-1/2

[Event "ICC tourney 3063 (30 10)"]
[Site "Internet Chess Club"]
[Date "2022.11.19"]
[Round "3"]
[White "SCHENK, SAM:SupaHotFiya"]
[Black "Turcotte, Jonathan:JonnyTurgi"]
[Result "1/2-1/2"]
[ICCResult "Game drawn by repetition"]
[WhiteElo "1927"]
[BlackElo "2000"]
[Opening "Caro-Kann defense"]
[ECO "B10"]
[NIC "CK.01"]
[Time "16:00:54"]
[PlyCount "95"]
[TimeControl "1800+10"]

1. e4 c6 2. Nf3 d5 3. d3 dxe4 4. dxe4 Qxd1+ 5. Kxd1 Nf6 6. Nfd2 Ng4 7. Ke1
g6 8. a4 a5 9. Nc4 Nd7 10. Bd2 Bg7 11. Bc3 O-O 12. Bxg7 Kxg7 13. Nc3 Nge5
14. Ne3 Nc5 15. Be2 f5 16. f4 Ned7 17. exf5 gxf5 18. Nc4 b6 19. Bf3 Ba6 20.
Ne3 Rac8 21. Ne2 e5 22. fxe5 Nxe5 23. Nd4 Kg6 24. h3 h5 25. Kf2 Ne4+ 26.
Bxe4 fxe4+ 27. Kg3 Rf6 28. Rhe1 Rd8 29. Nb3 Kg5 30. Rad1 h4+ 31. Kh2 Rfd6
32. Rxd6 Rxd6 33. Nd1 Kf4 34. Nc3 e3 35. Nc1 Rd2 36. N1e2+ Kf5 37. Ng1 Rxc2
38. Rxe3 Bf1 39. Nge2 c5 40. g4+ hxg3+ 41. Kxg3 Rxb2 42. Nf4 Rb4 43. Ncd5
Rd4 44. Ne7+ Kf6 45. Ned5+ Kf5 46. Ne7+ Kf6 47. Ned5+ Kf5 48. Ne7+
{Game drawn by repetition}
1/2-1/2

[Event "ICC tourney 3063 (30 10)"]
[Site "Internet Chess Club"]
[Date "2022.11.19"]
[Round "3"]
[White "TAO, SIHAN:K06-16931716"]
[Black "YAN, BENJAMIN:i2good4u734"]
[Result "1/2-1/2"]
[ICCResult "Game drawn because neither player has mating material"]
[WhiteElo "1901"]
[BlackElo "1992"]
[Opening "Scotch: Schmidt variation"]
[ECO "C45"]
[NIC "SO.04"]
[Time "16:00:24"]
[PlyCount "149"]
[TimeControl "1800+10"]

1. e4 e5 2. Nf3 Nc6 3. d4 exd4 4. Nxd4 Nf6 5. Nxc6 bxc6 6. Bd3 d5 7. exd5
cxd5 8. O-O Be7 9. c4 d4 10. Nd2 O-O 11. Ne4 Bb7 12. Qc2 h6 13. Bf4 Qd7 14.
Rfe1 Rad8 15. Rad1 Rfe8 16. Nxf6+ Bxf6 17. Qd2 Qc6 18. f3 Bh4 19. Bg3 Bg5
20. Bf4 Bh4 21. Bg3 Bg5 22. Bf4 Qf6 23. Bxg5 Qxg5 24. Qxg5 hxg5 25. Kf2 c5
26. Rxe8+ Rxe8 27. Re1 Rxe1 28. Kxe1 g6 29. a3 a5 30. Kf2 Kg7 31. g3 Kf6 32.
Ke2 Ke5 33. Kf2 Bc8 34. Ke1 a4 35. Bc2 d3 36. Bxa4 Kd4 37. Kd2 Kxc4 38. Be8
Be6 39. Ba4 Kd4 40. Bb5 c4 41. a4 Bd5 42. Be8 Kc5 43. Kc3 Kb6 44. Bb5 Ka5
45. Be8 Ka6 46. b4 cxb3 47. Kxd3 Ka5 48. Kc3 Be6 49. Bc6 Kb6 50. Bb5 Bd5 51.
Be8 Ka5 52. Bd7 Kb6 53. f4 gxf4 54. gxf4 Kc5 55. Bb5 Be6 56. Be2 Bd5 57. Bd1
b2 58. Kxb2 Kb4 59. Kc1 Bc6 60. Kd2 Bxa4 61. Bxa4 Kxa4 62. Kc3 Kb5 63. Kd4
Kc6 64. Ke5 Kd7 65. Kf6 Ke8 66. Kg7 Ke7 67. h4 Ke6 68. f5+ gxf5 69. h5 f4
70. h6 f3 71. h7 f2 72. h8=Q f1=Q 73. Qe8+ Kd6 74. Qxf7 Qxf7+ 75. Kxf7
{Game drawn because neither player has mating material}
1/2-1/2

[Event "ICC tourney 3063 (30 10)"]
[Site "Internet Chess Club"]
[Date "2022.11.19"]
[Round "4"]
[White "Turcotte, Jonathan:JonnyTurgi"]
[Black "MARKOVIC, GORAN:Goran21"]
[Result "0-1"]
[ICCResult "White resigns"]
[WhiteElo "2000"]
[BlackElo "1955"]
[Opening "King's Indian: orthodox, Aronin-Taimanov, bayonet attack"]
[ECO "E97"]
[NIC "KI.05"]
[Time "18:01:29"]
[PlyCount "68"]
[TimeControl "1800+10"]

1. d4 Nf6 2. c4 g6 3. Nc3 Bg7 4. e4 d6 5. Be2 O-O 6. Nf3 e5 7. O-O Nc6 8. d5
Ne7 9. b4 Nh5 10. Re1 c6 11. a4 cxd5 12. cxd5 f5 13. Ng5 Nf4 14. Bc4 h6 15.
Ne6 Bxe6 16. dxe6 fxe4 17. Bxf4 exf4 18. Rc1 Rc8 19. Qb3 Bxc3 20. Rxc3 d5
21. Bb5 Rxc3 22. Qxc3 a6 23. Bd7 f3 24. Qc5 fxg2 25. Rc1 Kh7 26. Qd6 e3 27.
fxe3 Nf5 28. Qc5 b6 29. Qc3 Qg5 30. e7 Qxe7 31. Bxf5 Rxf5 32. Qd4 Rf7 33.
Qxb6 Qh4 34. e4 Qf4 {White resigns} 0-1

[Event "ICC tourney 3063 (30 10)"]
[Site "Internet Chess Club"]
[Date "2022.11.19"]
[Round "4"]
[White "GU, CRYSTAL JIUZHOU:fantasymoon"]
[Black "Guo, Anni:movingkid"]
[Result "1-0"]
[ICCResult "Black resigns"]
[WhiteElo "1956"]
[BlackElo "1900"]
[Opening "Queen's pawn game"]
[ECO "E10"]
[NIC "QI.01"]
[Time "18:01:35"]
[PlyCount "47"]
[TimeControl "1800+10"]

1. d4 Nf6 2. c4 e6 3. Nf3 d5 4. g3 c5 5. Bg2 cxd4 6. Nxd4 Bb4+ 7. Bd2 Bxd2+
8. Nxd2 O-O 9. O-O Nc6 10. N2f3 Nxd4 11. Qxd4 dxc4 12. Qxc4 Bd7 13. Ne5 Rc8
14. Qb3 b6 15. Rfd1 Qc7 16. Qe3 Rfd8 17. Rac1 Qb8 18. Rxc8 Qxc8 19. Qd4 Kf8
20. Nc6 Ke8 21. Nxd8 Qxd8 22. Bc6 Qc7 23. Bxd7+ Nxd7 24. Qxg7 {Black
resigns} 1-0

[Event "ICC tourney 3063 (30 10)"]
[Site "Internet Chess Club"]
[Date "2022.11.19"]
[Round "4"]
[White "Tang, Austin:Mrpeetapizza"]
[Black "RASULOV, VUGAR:Vugar-Rasulov"]
[Result "0-1"]
[ICCResult "White resigns"]
[WhiteElo "1903"]
[BlackElo "2575"]
[Opening "Ruy Lopez: Wormald (Alapin) attack"]
[ECO "C77"]
[NIC "RL.12"]
[Time "18:01:33"]
[PlyCount "130"]
[TimeControl "1800+10"]

1. e4 e5 2. Nf3 Nc6 3. Bb5 a6 4. Ba4 Nf6 5. Qe2 b5 6. Bb3 Bc5 7. c3 O-O 8.
O-O d5 9. d3 dxe4 10. dxe4 h6 11. Be3 Qe7 12. Nbd2 Bxe3 13. Qxe3 Na5 14. Bc2
c5 15. a4 Bb7 16. b4 cxb4 17. cxb4 Nc6 18. Qc5 Qxc5 19. bxc5 Nb4 20. Rfc1
Rfc8 21. Nxe5 Rxc5 22. Nd3 Rxc2 23. Nxb4 Rxd2 24. axb5 axb5 25. Rxa8+ Bxa8
26. f3 Kh7 27. Rc8 Bb7 28. Rc5 Nxe4 29. fxe4 Bxe4 30. Re5 Rxg2+ 31. Kf1 Rg4
32. Rxb5 f5 33. Rb8 h5 34. Rf8 Bg2+ 35. Kf2 Rxb4 36. Kxg2 Kg6 37. Kg3 Kg5
38. Ra8 h4+ 39. Kg2 Rb2+ 40. Kh3 Rb3+ 41. Kg2 h3+ 42. Kf2 Kg4 43. Ra2 g5 44.
Rc2 f4 45. Rc1 Rb2+ 46. Kg1 Kh4 47. Rf1 Rc2 48. Kh1 g4 49. Kg1 Kg5 50. Ra1
Rg2+ 51. Kh1 Re2 52. Kg1 g3 53. hxg3 fxg3 54. Rb1 Kf4 55. Kf1 Kf3 56. Kg1
Rg2+ 57. Kf1 Rd2 58. Rb3+ Kf4 59. Rb4+ Ke3 60. Rb1 h2 61. Rb3+ Kf4 62. Rb4+
Ke5 63. Rb5+ Kd4 64. Rb4+ Kc3 65. Rh4 g2+ {White resigns} 0-1

[Event "ICC tourney 3063 (30 10)"]
[Site "Internet Chess Club"]
[Date "2022.11.19"]
[Round "4"]
[White "Volkov, Sergey:Volkov"]
[Black "NASUTA, GRZEGORZ:grzechu96"]
[Result "1-0"]
[ICCResult "Black resigns"]
[WhiteElo "2525"]
[BlackElo "2589"]
[Opening "QGD Slav defense: exchange variation"]
[ECO "D10"]
[NIC "SL.01"]
[Time "18:01:30"]
[PlyCount "51"]
[TimeControl "1800+10"]

1. d4 d5 2. c4 c6 3. cxd5 cxd5 4. Bf4 Nc6 5. e3 Nf6 6. Nc3 Bg4 7. f3 Bd7 8.
g4 e6 9. Bd3 Be7 10. h4 O-O 11. Nge2 h5 12. g5 Ne8 13. Qd2 Rc8 14. e4 Nb4
15. Bb1 g6 16. a3 Nc6 17. exd5 Na5 18. Ba2 exd5 19. Nxd5 Nc4 20. Bxc4 Rxc4
21. O-O Bh3 22. Nxe7+ Qxe7 23. Rfc1 Be6 24. Be5 f6 25. gxf6 Nxf6 26. Qg5
{Black resigns}
1-0

[Event "ICC tourney 3063 (30 10)"]
[Site "Internet Chess Club"]
[Date "2022.11.19"]
[Round "4"]
[White "NATHAN, NITISH SG:K06-15494283"]
[Black "TAO, SIHAN:K06-16931716"]
[Result "0-1"]
[ICCResult "White resigns"]
[WhiteElo "1947"]
[BlackElo "1901"]
[Opening "Queen's pawn: London system"]
[ECO "A45"]
[NIC "QP.07"]
[Time "18:01:30"]
[PlyCount "90"]
[TimeControl "1800+10"]

1. d4 Nf6 2. Bf4 d5 3. e3 c5 4. Nf3 Nc6 5. Nbd2 Bf5 6. dxc5 e6 7. Nb3 Bxc5
8. Bb5 O-O 9. O-O Bd6 10. Bg5 h6 11. Bh4 Rc8 12. c4 Ne5 13. cxd5 Nxf3+ 14.
Qxf3 g5 15. Bg3 Bg4 16. Bxd6 Bxf3 17. Bxf8 Qxd5 18. gxf3 Qxb5 19. Ba3 Qf5
20. Nd4 Qh3 21. Bd6 Kh7 22. Rac1 Rxc1 23. Rxc1 g4 24. f4 Ne4 25. Bb4 h5 26.
Rc7 Kg6 27. Be1 h4 28. Rc8 Kh7 29. Rc2 Kg7 30. a4 Kf6 31. Ne2 Qf3 32. Nd4
Qd1 33. Kf1 a5 34. Re2 g3 35. fxg3 hxg3 36. Rg2 gxh2 37. Rxh2 Qxa4 38. Bh4+
Kg6 39. Rg2+ Kh5 40. Be1 Qd1 41. Ne2 a4 42. Rh2+ Kg6 43. Rg2+ Kh7 44. Ng3
Qf3+ 45. Bf2 Nxf2 {White resigns} 0-1

[Event "ICC tourney 3063 (30 10)"]
[Site "Internet Chess Club"]
[Date "2022.11.19"]
[Round "4"]
[White "CHINNI, RISHABH:alphachesplayer"]
[Black "SCHENK, SAM:SupaHotFiya"]
[Result "0-1"]
[ICCResult "White forfeits on time"]
[WhiteElo "1986"]
[BlackElo "1927"]
[Opening "KP: Nimzovich defense"]
[ECO "B00"]
[NIC "VO.04"]
[Time "18:01:31"]
[PlyCount "64"]
[TimeControl "1800+10"]

1. e4 Nc6 2. d4 d6 3. Nc3 Nf6 4. f3 g6 5. Be3 Bg7 6. Qd2 O-O 7. O-O-O e5 8.
d5 Nd4 9. Nge2 c5 10. dxc6 Nxc6 11. Qxd6 Qa5 12. Qc5 Bh6 13. Kb1 Bxe3 14.
Qxe3 Be6 15. g4 Rfd8 16. Bg2 b5 17. g5 Ne8 18. Nd5 Nc7 19. Nec3 Nd4 20. a3
Nxd5 21. Nxd5 Qa4 22. Rc1 b4 23. Nxb4 Rac8 24. c3 Nb5 25. Bf1 Nxa3+ 26. bxa3
Qb3+ 27. Ka1 Qxa3+ 28. Kb1 Ba2+ 29. Ka1 Rb8 30. Bb5 Rxb5 31. Qf2 Bc4+ 32.
Na2 Rdb8 {White forfeits on time} 0-1

[Event "ICC tourney 3063 (30 10)"]
[Site "Internet Chess Club"]
[Date "2022.11.19"]
[Round "4"]
[White "IVANOV, ALEXANDER:marble"]
[Black "YAN, RUIYANG:jy2020"]
[Result "1/2-1/2"]
[ICCResult "Game drawn by mutual agreement"]
[WhiteElo "2362"]
[BlackElo "2227"]
[Opening "Sicilian defense"]
[ECO "B40"]
[NIC "SI.43"]
[Time "18:01:31"]
[PlyCount "99"]
[TimeControl "1800+10"]

1. e4 c5 2. Nf3 e6 3. g3 Nc6 4. Bg2 d5 5. exd5 exd5 6. d4 c4 7. O-O Bd6 8.
Ne5 Nge7 9. Nxc6 bxc6 10. b3 cxb3 11. axb3 O-O 12. Ba3 Bf5 13. Nc3 Bxa3 14.
Rxa3 Qd6 15. Ra2 Qg6 16. Re1 Nc8 17. Na4 Nd6 18. Nc5 Ne4 19. Nxe4 Bxe4 20.
c3 a5 21. Bxe4 dxe4 22. Qe2 f5 23. Qc4+ Kh8 24. Qc5 f4 25. Rxa5 fxg3 26.
hxg3 Rae8 27. Re3 Qf7 28. Ra2 Qxb3 29. Rae2 Rf6 30. Kg2 Qf7 31. Qb4 Rf8 32.
Qb2 Rh6 33. g4 Qe7 34. Rh3 Rxh3 35. Kxh3 h5 36. Qb1 hxg4+ 37. Kg2 Qh4 38.
Qxe4 Qh3+ 39. Kg1 g3 40. f3 Ra8 41. Qb1 Qh5 42. Qf1 Rf8 43. Qg2 Rxf3 44.
Re8+ Kh7 45. Re5 Qh2+ 46. Qxh2+ gxh2+ 47. Kxh2 Rxc3 48. Re6 g6 49. Rd6 Kh6
50. d5 {Game drawn by mutual agreement} 1/2-1/2

[Event "ICC tourney 3063 (30 10)"]
[Site "Internet Chess Club"]
[Date "2022.11.19"]
[Round "4"]
[White "YAN, BENJAMIN:i2good4u734"]
[Black "LIANG, YU-CHENG:Yucheng"]
[Result "1-0"]
[ICCResult "Black resigns"]
[WhiteElo "1992"]
[BlackElo "2063"]
[Opening "Bogo-Indian defense, Nimzovich variation"]
[ECO "E11"]
[NIC "QI.01"]
[Time "18:01:34"]
[PlyCount "105"]
[TimeControl "1800+10"]

1. d4 Nf6 2. c4 e6 3. Nf3 Bb4+ 4. Bd2 Qe7 5. Nc3 Bxc3 6. Bxc3 Ne4 7. Qc2
Nxc3 8. Qxc3 d6 9. e4 Nd7 10. e5 dxe5 11. dxe5 b6 12. Be2 Bb7 13. O-O a5 14.
Rfd1 O-O 15. Qe3 Rad8 16. Rd4 Nc5 17. Rg4 Bxf3 18. Bxf3 f5 19. exf6 Qxf6 20.
Qe2 Rd6 21. Rc1 Rfd8 22. Rc2 Qh6 23. h3 Qf6 24. Rg3 Nd3 25. a3 Ne5 26. Be4
Qf4 27. Qe3 Rf8 28. Qxf4 Rxf4 29. Re3 Nd7 30. g3 Rf8 31. b4 axb4 32. axb4 c5
33. b5 Nf6 34. Bc6 Rfd8 35. Rce2 Kf7 36. Ra2 Rb8 37. Ra7+ Kf8 38. Rea3 Rdd8
39. R3a6 Rd4 40. Rc7 Ne8 41. Bxe8 Rxe8 42. Raa7 Rxc4 43. Rf7+ Kg8 44. Rxg7+
Kh8 45. Rxh7+ Kg8 46. Rag7+ Kf8 47. h4 Rd8 48. h5 Rc1+ 49. Kg2 Rdd1 50. h6
Rg1+ 51. Kf3 Rc3+ 52. Ke2 Rc2+ 53. Kd3 {Black resigns} 1-0

[Event "ICC tourney 3063 (30 10)"]
[Site "Internet Chess Club"]
[Date "2022.11.19"]
[Round "5"]
[White "GU, CRYSTAL JIUZHOU:fantasymoon"]
[Black "Tang, Austin:Mrpeetapizza"]
[Result "0-1"]
[ICCResult "White resigns"]
[WhiteElo "1956"]
[BlackElo "1903"]
[Opening "King's Indian, 3.Nf3"]
[ECO "E60"]
[NIC "KI.80"]
[Time "20:00:18"]
[PlyCount "70"]
[TimeControl "1800+10"]

1. d4 Nf6 2. c4 g6 3. Nf3 Bg7 4. g3 c6 5. Bg2 d5 6. Qb3 O-O 7. O-O dxc4 8.
Qxc4 Bf5 9. Bf4 Nbd7 10. Nbd2 Rc8 11. Rfd1 a6 12. Ne5 b5 13. Qb3 Qb6 14.
Ndf3 c5 15. Nxd7 Nxd7 16. dxc5 Nxc5 17. Qb4 a5 18. Qd2 Ne4 19. Qe1 Bxb2 20.
Rab1 Bg7 21. Be3 Qa6 22. Rbc1 b4 23. Nd4 Nc3 24. Rd2 Be6 25. Nxe6 Qxe6 26.
Rcc2 Rfd8 27. Rxd8+ Rxd8 28. Rd2 Rxd2 29. Qxd2 Qd6 30. Qxd6 exd6 31. Bb6 a4
32. Bc7 b3 33. axb3 axb3 34. Ba5 b2 35. Bxc3 b1=Q+ {White resigns} 0-1

[Event "ICC tourney 3063 (30 10)"]
[Site "Internet Chess Club"]
[Date "2022.11.19"]
[Round "5"]
[White "MARKOVIC, GORAN:Goran21"]
[Black "SCHENK, SAM:SupaHotFiya"]
[Result "1-0"]
[ICCResult "Black checkmated"]
[WhiteElo "1955"]
[BlackElo "1927"]
[Opening "KP: Nimzovich defense"]
[ECO "B00"]
[NIC "VO.05"]
[Time "20:00:28"]
[PlyCount "231"]
[TimeControl "1800+10"]

1. e4 Nc6 2. Nf3 d6 3. d4 Nf6 4. Nc3 g6 5. Bg5 Bg7 6. e5 Nd7 7. Bb5 O-O 8.
Bxc6 bxc6 9. Qe2 f6 10. exf6 exf6 11. Be3 d5 12. h4 f5 13. Bg5 Qe8 14. h5
Ba6 15. Qxe8 Rfxe8+ 16. Kd2 h6 17. Bf4 g5 18. Bxc7 g4 19. Nh4 Bxd4 20. Nxf5
Bxc3+ 21. Kxc3 Re4 22. b3 Rf8 23. f3 Re2 24. fxg4 Rxg2 25. Rhg1 Rxg1 26.
Rxg1 Kh7 27. Re1 Rf7 28. Re6 Nf6 29. Rxc6 Bb7 30. Rxf6 Rxf6 31. Be5 Rc6+ 32.
Kd2 Re6 33. Bd4 Re4 34. Bxa7 Rxg4 35. Be3 Rg2+ 36. Kc3 Rh2 37. Nxh6 Rxh5 38.
Ng4 Rh3 39. Kd2 Kg6 40. Bd4 Kf5 41. Nf2 Rh7 42. a4 Bc6 43. a5 Bb5 44. Kc3
Rc7+ 45. Kb4 Bf1 46. c3 Be2 47. Bb6 Rc8 48. Bd4 Rc7 49. Bc5 Rc8 50. Bb6 Rc6
51. Be3 Rc8 52. Bd4 Rc6 53. Ka3 Kf4 54. Kb2 Kf3 55. Kc2 Rc8 56. Nd3 Ra8 57.
b4 Ke4 58. Nc5+ Kf5 59. Kb3 Bc4+ 60. Ka4 Re8 61. a6 Re1 62. Ka5 Ra1+ 63. Kb6
Kg6 64. a7 Kf7 65. b5 Rxa7 66. Kxa7 Bxb5 67. Kb6 Bc4 68. Kc6 Ke7 69. Be5 Ba2
70. Nd3 Ke6 71. Bd4 Kf7 72. Nb4 Bb3 73. Nxd5 Ke8 74. Nb6 Bd1 75. c4 Be2 76.
c5 Bf3+ 77. Kd6 Bb7 78. Nd5 Kd8 79. Bf6+ Kc8 80. Nb6+ Kb8 81. Be5 Ka7 82.
Kc7 Bh1 83. Bd4 Ka6 84. Kd6 Bb7 85. Kc7 Bh1 86. Bg1 Bg2 87. Kd6 Kb7 88. Nd5
Bh3 89. c6+ Ka6 90. c7 Kb7 91. Bb6 Bg4 92. Ba5 Bh3 93. Nf6 Kc8 94. Nd5 Kb7
95. Nb6 Bg4 96. Nd7 Kc8 97. Nf6 Bh3 98. Bb6 Kb7 99. Kc5 Kc8 100. Ne8 Kb7
101. Nd6+ Ka6 102. Kc6 Bc8 103. Ba5 Bh3 104. Be1 Ka7 105. Bf2+ Ka8 106. Bb6
Bc8 107. Bc5 Bb7+ 108. Kd7 Ba6 109. Nc4 Bc8+ 110. Kd8 Bb7 111. Nd6 Ba6 112.
Kd7 Bc8+ 113. Nxc8 Kb7 114. Nd6+ Ka6 115. c8=Q+ Ka5 116. Qa8# {Black
checkmated} 1-0

[Event "ICC tourney 3063 (30 10)"]
[Site "Internet Chess Club"]
[Date "2022.11.19"]
[Round "5"]
[White "NASUTA, GRZEGORZ:grzechu96"]
[Black "REDDY, SATVIK:chesslead"]
[Result "1/2-1/2"]
[ICCResult "Game drawn by mutual agreement"]
[WhiteElo "2589"]
[BlackElo "2320"]
[Opening "Pirc defense"]
[ECO "B07"]
[NIC "PU.08"]
[Time "20:01:08"]
[PlyCount "82"]
[TimeControl "1800+10"]

1. e4 d6 2. d4 Nf6 3. Nc3 Nbd7 4. g4 h6 5. h3 e5 6. Nge2 Be7 7. Bg2 c6 8. a4
O-O 9. O-O Re8 10. Be3 Nf8 11. f4 Ne6 12. Qd2 exf4 13. Nxf4 Nxf4 14. Bxf4 a5
15. Rf2 Nh7 16. Raf1 Bh4 17. Rf3 Ng5 18. Bxg5 Bxg5 19. Qd3 Re7 20. Ne2 b6
21. d5 c5 22. c4 Qe8 23. Nc3 Bd7 24. b3 f6 25. R3f2 Bh4 26. Re2 Qg6 27. Qf3
Rae8 28. Kh1 Qg5 29. Qf4 Qxf4 30. Rxf4 Bg5 31. Rf1 Re5 32. Nb5 Bxb5 33. axb5
Bh4 34. Bf3 g6 35. Kg2 f5 36. gxf5 gxf5 37. Bh5 R8e7 38. Rxf5 Rxf5 39. exf5
Rxe2+ 40. Bxe2 Kg7 41. Kf3 Kf6 {Game drawn by mutual agreement} 1/2-1/2

[Event "ICC tourney 3063 (30 10)"]
[Site "Internet Chess Club"]
[Date "2022.11.19"]
[Round "5"]
[White "Guo, Anni:movingkid"]
[Black "CHINNI, RISHABH:alphachesplayer"]
[Result "1-0"]
[ICCResult "Black resigns"]
[WhiteElo "1900"]
[BlackElo "1986"]
[Opening "Ruy Lopez: exchange variation, Alapin gambit"]
[ECO "C68"]
[NIC "RL.08"]
[Time "20:01:08"]
[PlyCount "77"]
[TimeControl "1800+10"]

1. e4 e5 2. Nf3 Nc6 3. Bb5 a6 4. Bxc6 dxc6 5. O-O Bg4 6. h3 h5 7. d3 Qf6 8.
Nbd2 Bd6 9. Re1 Be6 10. d4 c5 11. dxe5 Bxe5 12. Nxe5 Qxe5 13. Nf3 Qd6 14.
Qxd6 cxd6 15. Bf4 Ke7 16. Rad1 Rd8 17. Nh4 g6 18. Bg5+ f6 19. Nxg6+ Ke8 20.
Nxh8 fxg5 21. f4 gxf4 22. Ng6 f3 23. gxf3 Bxh3 24. Nf4 Bc8 25. Nxh5 Ne7 26.
Kf2 Kf7 27. Nf4 Rh8 28. Rh1 Rxh1 29. Rxh1 Nc6 30. Rd1 Nb4 31. c3 Nc6 32.
Rxd6 Na5 33. b3 Ke7 34. e5 Bf5 35. Nd5+ Ke8 36. e6 Nc6 37. f4 Bb1 38. e7
Bxa2 39. Re6 {Black resigns} 1-0